 Dungeon Crawl Stone Soup version 0.17-a0-2070-g2a5e0a8 (webtiles) character file.

26 Ordine the Magician (level 2, -1/19 HPs)
             Began as a Mummy Wizard on Oct 14, 2015.
             Slain by a worm (5 damage)
             ... on level 2 of the Dungeon.
             The game lasted 00:09:47 (2264 turns).

Ordine the Magician (Mummy Wizard)                  Turns: 2264, Time: 00:09:48

Health: -1/19      AC:  2    Str: 10    XL:     2   Next: 89%
Magic:  0/6        EV: 12    Int: 17    God:
Gold:   43         SH:  0    Dex: 10    Spells: 2 memorised, 4 levels left

rFire  . . .     SeeInvis .     d - +0 whip
rCold  + . .     Clarity  .     a - +0 robe
rNeg   + + +     SustAt   .     (no shield)
rPois  ∞         Gourm    .     b - +0 hat
rElec  .         Spirit   .     (no cloak)
rCorr  .         Warding  .     (no gloves)
rMut   .         Stasis   .     (no boots)
MR     .....                    (no amulet)
Stlth  ++........               (no ring)
                                e - ring of protection from fire

@: very slightly contaminated, not resistant to hostile enchantments, unstealthy
A: no food or potions, fire vulnerability, cold resistance 1, negative energy
resistance 3, torment resistance, unbreathing
a: no special abilities


You were on level 2 of the Dungeon.
You were not hungry.

You visited 1 branch of the dungeon, and saw 2 of its levels.

You collected 43 gold pieces.

Inventory:

Hand Weapons
 d - a +0 whip (weapon)
Armour
 a - a +0 robe (worn)
 b - a +0 hat (worn)
Jewellery
 e - a ring of protection from fire (left hand)
Books
 c - a book of Minor Magic

   Spells                             Type                      Level
   a - Magic Dart                     Conjuration                  1
   b - Blink                          Translocation                2
   c - Call Imp                       Summoning                    2
   d - Repel Missiles                 Charms/Air                   2
   e - Slow                           Hexes                        2
   f - Conjure Flame                  Conjuration/Fire             3
   g - Mephitic Cloud                 Conjuration/Poison/Air       3


   Skills:
 - Level 1.5 Dodging
 - Level 1.5 Stealth
 - Level 3.0 Spellcasting
 - Level 1.7 Conjurations
 + Level 1.7 Summonings
   Level 0.7 Translocations


You had 4 spell levels left.
You knew the following spells:

 Your Spells              Type           Power        Failure   Level  Hunger
a - Magic Dart            Conj           #...         12%         1    N/A
b - Call Imp              Summ           #.......     17%         2    N/A

Dungeon Overview and Level Annotations

Branches:
Dungeon (2/15)

Altars:


Innate Abilities, Weirdness & Mutations

You do not eat or drink.
Your flesh is vulnerable to fire.
You are immune to poison.
Your flesh is cold resistant.
You are immune to negative energy.
You are immune to unholy pain and torment.
You can survive without breathing.


Message History

The worm closely misses you. The adder bites you.
There is a stone staircase leading up here.
Casting: Call Imp
Confirm with . or Enter, or press ? or * to list all spells.
You miscast Call Imp.
You are very lightly contaminated with residual magic.
Nothing appears to happen.
The adder barely misses you. The worm bites you!
Casting: Call Imp
Confirm with . or Enter, or press ? or * to list all spells.
A beastly little devil appears in a puff of flame.
The adder bites you.
* * * LOW HITPOINT WARNING * * *
Casting: Call Imp
Confirm with . or Enter, or press ? or * to list all spells.
A beastly little devil appears in a puff of flame.
Your crimson imp says, "Let's cause havoc!"
The adder bites you.
* * * LOW HITPOINT WARNING * * *
The worm bites you.
You die...

.. .....#
... ..#.#
....#r#.#
....#...#
........##
....?....
...#.5..#
#...S@#
#.###w#
#5# #.#
#.# #.#
#.# #.#


You could see a worm, an adder, a rat and 2 friendly crimson imps.

Vanquished Creatures
  4 bats (D:1)
  A giant cockroach (D:1)
  5 goblins (D:1)
  4 giant newts (D:1)
  4 kobolds (D:1)
  2 rats (D:1)
20 creatures vanquished.

Vanquished Creatures (collateral kills)
  A bat (D:1)
  5 jackals (D:1)
  2 kobolds (D:1)
  2 rats (D:1)
10 creatures vanquished.

Grand Total: 30 creatures vanquished

Notes
Turn   | Place    | Note
--------------------------------------------------------------
     0 | D:1      | Ordine the Mummy Wizard began the quest for the Orb.
     0 | D:1      | Reached XP level 1. HP: 13/13 MP: 4/4
    64 | D:1      | Reached skill level 1 in Conjurations
   577 | D:1      | Reached XP level 2. HP: 17/19 MP: 1/6
   581 | D:1      | Learned a level 2 spell: Call Imp
   606 | D:1      | Reached skill level 1 in Summonings
  2264 | D:2      | Slain by a worm

Vault maps used:
D:1:      scummos_arrival_star, minmay_misc_feat_columns,
          roderic_chinese_pattern_swastika, serial_bayou_pond_b
D:2:      uniq_jessica

Action                   || total
-------------------------++-------
Melee: Whip              ||    15
 Cast: Magic Dart        ||    28
       Call Imp          ||    18
  Use: Scroll            ||     1
